some dak gameplay

Match 29304715
End
Royal Engineer Section
Construct Section Command Post
Selects Australian Defense Battlegroup
Infantry Section
Dingo Light Scout Car
Infantry Section
Construct Platoon Command Post
Humber Armored Car
Selects Australian Light Infantry Section
Selects 2-pounder Anti-tank Gun Team
Infantry Section
2-pounder Anti-tank Gun Team
Construct Field Infirmary
Selects CMP 15cwt Supply Run
Selects Reinforced Resource Caches
Construct Company Command Post
Matilda II Heavy Tank
Crusader II Medium Tank
Selects Vehicle Over Repair
Matilda II Heavy Tank
6-pounder Anti-tank Gun Team
Matilda II Heavy Tank
Unlock M3 Grant Medium Tanks
M3 Grant Medium Tank
Foot Guards Section
Selects Charged Creeping Barrage
6-pounder Anti-tank Gun Team
Charged Creeping Barrage
M3 Grant Medium Tank
M3 Grant Medium Tank
oziligath
⚓️Ruby⚓
0
0

Comments sign in to comment!

No comments posted yet!